 Dungeon Sprint DCSS version 0.27-a0-836-gfc908b8576 (webtiles) character file.

Game seed: 2385955167116410441

12418 mhtbhm the Impaler (level 11, -6/114 HPs)
             Began as a Minotaur Fighter on Apr 1, 2021.
             Was the Champion of Trog.
             Killed by nerve-wracking pain
             ... invoked by an orc high priest
              (7 damage)
             ... in the Dungeon (Sprint IX: "|||||||||||||||||||||||||||||").
             The game lasted 00:04:28 (2204 turns).

mhtbhm the Impaler (Minotaur Fighter)               Turns: 2204, Time: 00:04:29

Health: -6/114     AC: 16    Str: 23    XL:     11   Next: 62%
Magic:  10/10      EV: 15    Int:  8    God:    Trog [******]
Gold:   1308       SH: 14    Dex: 11    Spells: 10/10 levels left

rFire    . . .     SeeInvis .   a - +2 demon trident (flame)
rCold    . . .     Faith    .   c - +0 kite shield
rNeg     . . .     Spirit   .   b - +1 scale mail
rPois    .         Reflect  .   (helmet restricted)
rElec    .         Harm     .   m - +0 cloak
rCorr    .         Rampage  .   w - +0 pair of gloves
Will     .....     NoTele   +   v - +0 pair of boots
Stlth    +.........             (no amulet)
HPRegen  0.29/turn              n - +3 ring of intelligence
MPRegen  0.12/turn              o - +2 ring of evasion

@: berserk cooldown, slowed, very slow
A: horns 2, retaliatory headbutt
a: Renounce Religion, Berserk, Trog's Hand, Brothers in Arms


You were in the Dungeon.
You worshipped Trog.
Trog was exalted by your worship.
You visited 1 branch You collected 1308 gold pieces.

Inventory:

Hand Weapons
 a - a +2 demon trident of flaming (weapon)
Missiles
 u - 5 curare-tipped darts (quivered)
Armour
 b - a +1 scale mail (worn)
 c - a +0 kite shield (worn)
 m - a +0 cloak (worn)
 v - a +0 pair of boots (worn)
 w - a +0 pair of gloves (worn)
Jewellery
 n - a +3 ring of intelligence (left hand)
 o - a +2 ring of evasion (right hand)
Wands
 l - a wand of acid (5)
Scrolls
 j - a scroll of blinking
 q - a scroll of fear
 r - a scroll of fog
 s - 2 scrolls of enchant weapon
 t - 4 scrolls of enchant armour
Potions
 d - a potion of might
 e - a potion of invisibility
 f - 2 potions of mutation
 g - a potion of haste
 h - 4 potions of magic
 i - 2 potions of heal wounds
 k - 4 potions of curing
 p - a potion of resistance


   Skills:
 + Level 15.9 Fighting
 + Level 17.3 Polearms
 + Level 15.0 Armour
 + Level 9.7 Dodging
 + Level 3.3 Stealth
 + Level 16.2 Shields
 + Level 1.4 Evocations


You had 10 spell levels left.
You didn't know any spells.
Your spell library was empty.

Dungeon Overview and Level Annotations

Branches:
Dungeon (1/1)

Altars:
Cheibriados
Dithmenos
Elyvilon
Fedhas
Gozag
Hepliaklqana
Kikubaaqudgha
Makhleb
Nemelex Xobeh
Okawaru
Qazlal
Ru
Sif Muna
Trog
Uskayaw
Vehumet
Wu Jian
Xom
Yredelemnul
Zin
The Shining One
Beogh
Jiyva
Lugonu

Shops:
D *:*


Innate Abilities, Weirdness & Mutations

You have a pair of horns on your head.
You reflexively headbutt those who attack you in melee.


Message History

The bolt of acid hits the ice devil!
The ice devil is splashed with acid!
You kill the ice devil!
The bolt of acid hits the orc high priest!
The orc high priest is splashed with acid!
The orc high priest seems to be corroded for longer.
You kill the orc high priest!
Trog accepts your kill.
The orange demon disappears in a puff of smoke!
The bolt of acid misses the orc high priest.
The bolt of acid hits the sixfirhy!
The sixfirhy is splashed with acid.
The sixfirhy seems to be corroded for longer.
The sixfirhy is almost dead.
Unknown command.
Unknown command.
Aiming: Corrosive Bolt
Press: ? - help, Shift-Dir - straight line, f - orc high priest
Aim: an orc high priest, wielding a +0 battleaxe and wearing a +0 leather armour (heavily wounded, covered in acid, 36% to evade)
The bolt of acid hits the orc high priest!
The orc high priest is splashed with acid.
The orc high priest seems to be corroded for longer.
The orc high priest is almost dead.
The bolt of acid misses the sixfirhy.
The bolt of acid hits the orc priest!
The orc priest is splashed with acid.
The acid corrodes the orc priest!
You kill the orc priest!
Trog accepts your kill.
The orc high priest calls down the wrath of Beogh upon you.
Beogh smites you!
* * * LOW HITPOINT WARNING * * *
You hear a shout!
Unknown command.
Okay, then.
You feel better.
The orc high priest hits you with a +0 battleaxe!
* * * LOW HITPOINT WARNING * * *
The orc high priest calls down the wrath of Beogh upon you.
Beogh smites you!
* * * LOW HITPOINT WARNING * * *
The orc high priest invokes the aid of Beogh against you.
Pain shoots through your body!
You die...

▓.▓.▓.▓.▓_▓
▓.▓.▓.▓.▓_▓
▓.▓.▓.▓.▓_▓
▓)▓.▓.▓.▓_▓
▓'▓.▓)▓.▓_▓
▓)▓.▓†▓.▓'▓
▓)▓.▓.▓.▓)▓
▓$▓.▓†▓.▓?▓
▓@▓.▓.▓.▓)▓
▓o▓.▓.▓.▓.▓
▓3▓.▓.▓.▓[▓
▓.▓.▓.▓.▓[▓
▓∩▓.▓.▓.▓.▓
▓)▓.▓.▓.▓.▓
▓o▓.▓.▓.▓.▓
▓.▓.▓.▓.▓)▓
▓.▓.▓.▓)▓


You could see 2 orc high priests and a sixfirhy (summoned, corroded).

Vanquished Creatures
  3 centaur warriors (D)
  A two-headed ogre (D)
  4 orc high priests (D)
  2 orc knights (D)
  2 manticores (D)
  An orc sorcerer (D)
  Joseph (D)
  A cane toad (D)
  A gargoyle (D)
  A rime drake (D)
  2 komodo dragons (D)
  2 blink frogs (D)
  3 yaks (D)
  A wraith (D)
  A basilisk (D)
  4 wargs (D)
  A hell hound (D)
  3 water moccasins (D)
  6 orc warriors (D)
  4 wolves (D)
  A centaur (D)
  A gnoll sergeant (D)
  5 bullfrogs (D)
  5 orc priests (D)
  A hound (D)
  3 orc wizards (D)
  2 adders (D)
  2 adder zombies (D)
  A worm (D)
  5 orcs (D)
  A giant cockroach (D)
  A hobgoblin (D)
  A kobold (D)
  2 goblins (D)
75 creatures vanquished.

Vanquished Creatures (collateral kills)
  4 orc warriors (D)
  An orc wizard (D)
  An orc (D)
6 creatures vanquished.

Grand Total: 81 creatures vanquished

Notes
Turn   | Place    | Note
-------+----------+-------------------------------------------
     0 | D        | mhtbhm the Minotaur Fighter began the quest for the Orb.
     0 | D        | Reached XP level 1. HP: 19/19 MP: 0/0
    17 | D        | Noticed a hound
    23 | D        | Reached XP level 2. HP: 18/28 MP: 1/1
    28 | D        | Reached skill level 5 in Fighting
    28 | D        | Reached skill level 3 in Polearms
    28 | D        | Reached skill level 5 in Armour
    28 | D        | Reached skill level 5 in Shields
    28 | D        | Reached XP level 3. HP: 21/36 MP: 2/2
    56 | D        | Found a snail-covered altar of Cheibriados.
    56 | D        | Found a shadowy altar of Dithmenos.
    56 | D        | Found a white marble altar of Elyvilon.
    56 | D        | Found a blossoming altar of Fedhas.
    56 | D        | Found an opulent altar of Gozag.
    57 | D        | Found a hazy altar of Hepliaklqana.
    58 | D        | Found a viscous altar of Jiyva.
    59 | D        | Found an ancient bone altar of Kikubaaqudgha.
    60 | D        | Found a corrupted altar of Lugonu.
    61 | D        | Found a burning altar of Makhleb.
    62 | D        | Found a sparkling altar of Nemelex Xobeh.
    63 | D        | Found an iron altar of Okawaru.
    64 | D        | Found a stormy altar of Qazlal.
    65 | D        | Found a sacrificial altar of Ru.
    66 | D        | Found a shimmering blue altar of Sif Muna.
    67 | D        | Found a bloodstained altar of Trog.
    68 | D        | Found a hide-covered altar of Uskayaw.
    69 | D        | Found a radiant altar of Vehumet.
    70 | D        | Found an ornate altar of the Wu Jian Council.
    71 | D        | Found a shimmering altar of Xom.
    72 | D        | Found a basalt altar of Yredelemnul.
    73 | D        | Found a glowing silver altar of Zin.
    74 | D        | Found a glowing golden altar of the Shining One.
    77 | D        | Became a worshipper of Trog the Wrathful
   252 | D        | Noticed a gargoyle
   252 | D        | Noticed a yak
   252 | D        | Noticed a gnoll sergeant
   252 | D        | Noticed a centaur
   252 | D        | Noticed a two-headed ogre
   262 | D        | HP: 2/55 [gargoyle/stone arrow (22)]
   263 | D        | Killed a gargoyle
   264 | D        | Reached skill level 7 in Polearms
   264 | D        | Reached skill level 1 in Dodging
   264 | D        | Reached XP level 4. HP: 3/49 MP: 3/3
   264 | D        | Reached XP level 5. HP: 3/56 MP: 4/4
   264 | D        | Reached XP level 6. HP: 4/62 MP: 5/5
   559 | D        | Killed a yak
   559 | D        | Reached * piety under Trog
   560 | D        | Reached skill level 8 in Polearms
   568 | D        | Killed a two-headed ogre
   569 | D        | Reached skill level 10 in Fighting
   569 | D        | Reached skill level 10 in Polearms
   569 | D        | Reached skill level 1 in Stealth
   569 | D        | Reached XP level 7. HP: 17/73 MP: 6/6
   569 | D        | Reached XP level 8. HP: 19/80 MP: 7/7
   610 | D        | Reached ** piety under Trog
   611 | D        | Reached skill level 11 in Polearms
   817 | D        | Noticed a manticore
   817 | D        | Noticed a centaur warrior
   817 | D        | Noticed a manticore
   817 | D        | Noticed a centaur warrior
   817 | D        | Noticed a centaur warrior
   825 | D        | Killed a manticore
   830 | D        | Killed a centaur warrior
   831 | D        | Reached skill level 12 in Polearms
   831 | D        | Reached skill level 5 in Dodging
   831 | D        | Reached XP level 9. HP: 67/89 MP: 8/8
   837 | D        | Killed a manticore
   838 | D        | Reached skill level 13 in Polearms
   843 | D        | Killed a centaur warrior
   843 | D        | Reached *** piety under Trog
   844 | D        | Reached skill level 14 in Polearms
   851 | D        | Killed a centaur warrior
   852 | D        | Reached skill level 1 in Evocations
   852 | D        | Reached XP level 10. HP: 71/99 MP: 9/9
  1153 | D        | Noticed a cane toad
  1162 | D        | Killed a cane toad
  1162 | D        | Reached **** piety under Trog
  1170 | D        | Reached skill level 15 in Polearms
  1188 | D        | Reached ***** piety under Trog
  1251 | D        | Received a gift from Trog
  1487 | D        | Reached skill level 16 in Polearms
  1489 | D        | Received a gift from Trog
  1621 | D        | Noticed Joseph
  1643 | D        | Killed Joseph
  1644 | D        | Reached XP level 11. HP: 88/111 MP: 3/10
  1765 | D        | Reached ****** piety under Trog
  1780 | D        | Received a gift from Trog
  1795 | D        | Noticed an orc knight
  1849 | D        | Killed an orc knight
  1849 | D        | Received a gift from Trog
  1932 | D        | Noticed an orc high priest
  1932 | D        | Noticed an orc knight
  1938 | D        | Noticed an orc sorcerer
  1938 | D        | Killed an orc high priest
  1939 | D        | Reached skill level 15 in Shields
  1943 | D        | Killed an orc knight
  1944 | D        | Reached skill level 15 in Fighting
  1953 | D        | Killed an orc sorcerer
  1953 | D        | Received a gift from Trog
  2177 | D        | Found Ejedaos's Assorted Antiques.
  2177 | D        | Noticed an orc high priest
  2177 | D        | Noticed an orc high priest
  2181 | D        | Killed an orc high priest
  2182 | D        | Reached skill level 17 in Polearms
  2182 | D        | Received a gift from Trog
  2185 | D        | Found Futocvem's Book Shoppe.
  2185 | D        | Noticed an orc high priest
  2187 | D        | Noticed an orc high priest
  2189 | D        | Killed an orc high priest
  2190 | D        | Reached skill level 15 in Armour
  2190 | D        | Found Tymodusi's Assorted Antiques.
  2194 | D        | Noticed a sixfirhy
  2197 | D        | Noticed an orc high priest
  2202 | D        | Killed an orc high priest
  2204 | D        | HP: 1/114 [orc high priest/divine providence (13)]
  2204 | D        | Killed from afar by an orc high priest

Illustrated notes

Levels and vault maps discovered:
D:        linesprint [early_d, line_temple, items_1, d_10, items_2, lair_1,
          lair_end, items_3, orc_1, orc_end, items_4, d_15, swamp_1, shoals_1,
          snake_1, spider_1, d_20, vaults_1, items_5, swamp_end, shoals_end,
          snake_end, spider_end, vaults_end, d_27, items_6, zot_1, zot_end,
          crypt_end, forest_end, elf_end, slime_end, tomb_end, abyss_end,
          pan_hell_end]

Skill      XL: |  1  2  3  4  5  6  7  8  9 10 11 |
---------------+----------------------------------+-----
Fighting       | 4 5 8 10 11 12 14 15 | 15.9
Armour         | 4 5 9 11 12 13 14 15 | 15.0
Shields        | 4 5 9 11 12 13 14 16 | 16.2
Polearms       | 3 7 10 12 14 16 17 | 17.3
Dodging        | 1 3 5 6 8 9 |  9.7
Stealth        | 1 2 3 |  3.3
Evocations     | 1 |  1.4

Action                   |  1- 3 |  4- 6 |  7- 9 | 10-12 || total
-------------------------+-------+-------+-------+-------++-------
Melee: Trident           |    47 |    17 |    34 |    89 ||   187
       Headbutt          |     7 |     4 |    13 |    39 ||    63
       Spear             |       |       |       |   147 ||   147
       Demon trident     |       |       |       |    39 ||    39
Invok: Berserk           |       |       |     2 |     5 ||     7
       Brothers in Arms  |       |       |       |     1 ||     1
Evoke: Wand              |       |     1 |       |     4 ||     5
  Use: Potion            |     3 |     2 |       |     1 ||     6
       Scroll            |       |     1 |       |       ||     1
Armor: Scale mail        |    13 |     1 |    14 |    19 ||    47
Dodge: Dodged            |    10 |     8 |    17 |    40 ||    75
Block: Kite shield       |    21 |     4 |    29 |    76 ||   130

Table legend: (Time is in decaauts)
 A = Elapsed time spent in this place.
 B = Non-inter-level travel time spent in this place.
 C = Inter-level travel time spent in this place.
 D = Time resting spent in this place.
 E = Time spent auto-exploring this place.
 F = Levels seen in this place.
 G = Mean time per level.
                   A        B        C        D        E       F      G
               +--------+--------+--------+--------+--------+-----+--------+
         Total |   2143 |   2143 |      0 |   1127 |    430 |   1 | 2143.0 |
       Dungeon |   2143 |   2143 |      0 |   1127 |    430 |   1 | 2143.0 |
               +--------+--------+--------+--------+--------+-----+--------+

Top non-repeatable levels by time:
       D: 2143 daAuts
